 Dungeon Crawl Stone Soup version 0.32-a0-22-g6ae6769602 (webtiles) character file.

Game seed: 15856189865557617467

37 Armakuni the Covered (level 3, 0/22 HPs)
             Began as a Deep Elf Wanderer on Jan 19, 2024.
             Slain by a ribbon worm (4 damage)
             ... on level 2 of the Dungeon.
             The game lasted 00:04:03 (1539 turns).

Armakuni the Covered (Deep Elf Wanderer)            Turns: 1539, Time: 00:04:04

Health: 0/22       AC:  5    Str: 12    XL:     3   Next: 21%
Magic:  5/5        EV: 10    Int: 12    God:
Gold:   110        SH:  5    Dex: 17    Spells: 2/2 levels left

rFire   . . .        a - +0 falchion
rCold   . . .        c - +0 buckler
rNeg    . . .        b - +0 ring mail
rPois   .            (no helmet)
rElec   .            (no cloak)
rCorr   .            (no gloves)
SInv    .            (no boots)
Will    .....        (no amulet)
Stlth   +            (no ring)
HPRegen 0.23/turn    (no ring)
MPRegen 0.09/turn

%: no passive effects
@: no status effects
A: no striking features
a: no special abilities


You were on level 2 of the Dungeon.
You visited 1 branch of the dungeon, and saw 2 of its levels.

You collected 110 gold pieces.

Inventory:

Hand Weapons
 a - a +0 falchion (weapon)
Armour
 b - a +0 ring mail (worn)
 c - a +0 buckler (worn)
 d - a +0 leather armour
Scrolls
 e - a scroll of noise {unknown}
 f - 2 scrolls of enchant weapon
 h - a scroll of revelation
 j - a scroll of blinking {unknown}
 t - a scroll of teleportation
Potions
 g - a potion of berserk rage {unknown}
 i - a potion of invisibility {unknown}


   Skills:
 + Level 2.5 Fighting
 - Level 1.0 Long Blades
 - Level 3.2 Armour
 - Level 1.2 Dodging
 + Level 2.5 Shields


You had 2 spell levels left.
You didn't know any spells.
Your spell library contained the following spells:

 Spells                   Type           Power      Damage    Failure   Level
 Volatile Blastmotes      Fire/Tloc      0%         2d10      97%         3
 Fulminant Prism          Conj/Alch      0%         3d5       100%        4
 Iskenderun's Mystic Bla  Conj/Tloc      0%         2d3       100%        4


Dungeon Overview and Level Annotations

Branches:
Dungeon (2/15)

Altars:


Message History

a +0 club; a +0 short sword; a kobold corpse HP restored.
There is an open door here.
A ribbon worm comes into view.
A ribbon worm is nearby!
There is an open door here.
You close the door.
You start waiting.
Done waiting.
You open the door.
There is an open door here.
No target in view!
No target in view!
A ribbon worm is nearby!
You block the ribbon worm's attack.
You slash the ribbon worm!
The ribbon worm is heavily wounded.
The ribbon worm bites you!
You hit the ribbon worm.
The ribbon worm is heavily wounded.
The ribbon worm bites you.
You hit the ribbon worm.
The ribbon worm is severely wounded.
The ribbon worm barely misses you.
You hit the ribbon worm.
The ribbon worm is almost dead.
The ribbon worm expels a string of sticky webbing.
The stream of webbing hits you but does no damage.
You are caught in a web!
You are caught in a web!
You are caught in a web!
You are caught in a web!
You struggle to detach yourself from the web.
The ribbon worm bites you.
The web tears apart.
The ribbon worm bites you!
* * * LOW HITPOINT WARNING * * *
You hit the ribbon worm.
The ribbon worm is severely wounded.
The ribbon worm bites you.
You die...

### #.. #.# #
#.# #.#
#######.##...##
........w......
##.#@#
##....####.#
#..........#
##...#######
### ##.## #...#
#.# ... #.# ...
##'## #.#
##...##


You could see a ribbon worm.

Vanquished Creatures
  2 ribbon worms (D:2)
  A dart slug (D:1)
  3 ball pythons
  3 endoplasms
  4 goblins
  A hobgoblin (D:1)
  A quokka (D:2)
  4 bats
  7 kobolds
  5 rats
31 creatures vanquished.

Notes
Turn   | Place    | Note
-------+----------+-------------------------------------------
     0 | D:1      | Armakuni the Deep Elf Wanderer began the quest for the Orb.
     0 | D:1      | Armakuni set off with the following items: a +0 falchion, a
                  | +0 chain mail, a +0 buckler, a scroll of teleportation.
     0 | D:1      | Reached XP level 1. HP: 12/12 MP: 3/3
   324 | D:1      | Reached XP level 2. HP: 14/17 MP: 4/4
  1303 | D:2      | Reached XP level 3. HP: 22/22 MP: 5/5
  1539 | D:2      | Slain by a ribbon worm

Illustrated notes

Levels and vault maps discovered:
D:1:      evilmike_arrival_grusome_pit, layout_loops_corners,
          minmay_misc_feat_rugged
D:2:      layout_loops_corners

Skill      XL: |  1  2 |
---------------+-------+-----
Fighting       | 2 |  2.5
Long Blades    | |  1.0
Armour         | |  3.2
Dodging        | |  1.2
Shields        | |  2.5

Action                     || total
---------------------------++-------
  Melee: Falchion          ||   101
    Use: Scroll            ||     3
   Stab: Sleeping          ||     1
 Armour: Leather armour    ||    45
         Ring mail         ||    15
  Dodge: Dodged            ||    56
  Block: Buckler           ||    15

Table legend: (Time is in decaauts)
 A = Elapsed time spent in this place.
 B = Non-inter-level travel time spent in this place.
 C = Inter-level travel time spent in this place.
 D = Time resting spent in this place.
 E = Time spent auto-exploring this place.
 F = Levels seen in this place.
 G = Mean time per level.
                   A        B        C        D        E       F      G
               +--------+--------+--------+--------+--------+-----+--------+
         Total |   1569 |   1556 |     13 |    171 |   1006 |   2 |  784.5 |
       Dungeon |   1569 |   1556 |     13 |    171 |   1006 |   2 |  784.5 |
               +--------+--------+--------+--------+--------+-----+--------+

Top non-repeatable levels by time:
     D:1: 922 daAuts
     D:2: 647 daAuts
